 Dungeon Crawl Stone Soup version 0.29-a0-772-ga24da20 (webtiles) character file.

Game seed: 135948858116827335

21 PurpleRed the Sneak (level 2, -2/17 HPs)
             Began as a Deep Elf Brigand on July 2, 2022.
             Slain by a scorpion (3 damage)
             ... on level 3 of the Dungeon.
             The game lasted 00:03:12 (390 turns).

PurpleRed the Sneak (Deep Elf Brigand)               Turns: 390, Time: 00:03:12

Health: -2/17      AC:  8    Str:  8    XL:     2   Next: 62%
Magic:  6/6        EV: 12    Int: 15    God:
Gold:   60         SH:  0    Dex: 16    Spells: 4/4 levels left

rFire   . . .      SeeInvis .   a - +2 dagger
rCold   . . .      Faith    .   (no shield)
rNeg    . . .      Spirit   .   b - +0 robe
rPois   .          Reflect  .   (no helmet)
rElec   .          Harm     .   c - +0 cloak
rCorr   .          Rampage  .   (no gloves)
Will    .....                   j - +0 pair of boots
Stlth   +++.......              (no amulet)
HPRegen 0.05/turn               g - +4 ring of protection
MPRegen 0.10/turn               (no ring)

@: lethally poisoned (-2 -> -10)
A: no striking features
a: no special abilities


You were on level 3 of the Dungeon.
You visited 1 branch of the dungeon, and saw 3 of its levels.

You collected 60 gold pieces.

Inventory:

Hand Weapons
 a - a +2 dagger (weapon)
Missiles
 d - 5 poisoned darts (quivered)
 e - 2 curare-tipped darts
Armour
 b - a +0 robe (worn)
 c - a +0 cloak (worn)
 j - a +0 pair of boots (worn)
Jewellery
 g - a +4 ring of protection (left hand)
Scrolls
 k - 2 scrolls of enchant weapon {unknown}
 l - a scroll of blinking {unknown}
 m - a scroll of identify {unknown}
 n - a scroll of summoning {unknown}
 p - a scroll of fear {unknown}
 q - a scroll of amnesia {unknown}
 r - a scroll of noise {unknown}
Potions
 h - a potion of degeneration {unknown}
 i - a potion of brilliance {unknown}
 o - a potion of ambrosia {unknown}
 s - a potion of resistance {unknown}


   Skills:
 + Level 1.9 Fighting
 - Level 2.0 Short Blades
 - Level 2.0 Throwing
 - Level 1.3 Dodging
 + Level 5.1 Stealth
 * Level 1.9 Spellcasting


You had 4 spell levels left.
You didn't know any spells.
Your spell library was empty.

Dungeon Overview and Level Annotations

Branches:
Dungeon (3/15)

Altars:
Xom


Message History

Found a bubbling white potion.
Things that are here:
a +0 short sword; 5 stones
p - a scroll labelled KUASOE ATIWI
Found a shimmering altar of Xom.
Found 9 gold pieces.
q - a scroll labelled OWKA DEIBLAUCO
Found a bubbling pink potion.
You now have 60 gold pieces (gained 9).
Found a scroll labelled SOFUGIOSOS.
r - a scroll labelled SOFUGIOSOS
s - a bubbling pink potion A giant cockroach comes into view.
A scorpion comes into view.
You see here 2 poisoned darts.
Throw: 7 darts (poison)
Press: ? - help, Shift-Dir - straight line, f - scorpion
Aim: a scorpion (asleep, 98% to hit)
You throw a poisoned dart. The poisoned dart hits the scorpion.
The scorpion is poisoned.
Okay, then.
Throw: 6 darts (poison)
Press: ? - help, Q - select action, (/) - cycle Shift-Dir - straight line, f/p - scorpion
Aim: a scorpion (lightly wounded, poisoned, 60% to hit)
You throw a poisoned dart.
The poisoned dart barely misses the scorpion.
Throw: 3 darts (curare)
Press: ? - help, Shift-Dir - straight line, f/p - scorpion
Aim: a scorpion (lightly wounded, poisoned, 60% to hit)
You throw a curare-tipped dart.
The curare-tipped dart barely misses the scorpion.
The scorpion stings you.
* * * LOW HITPOINT WARNING * * *
You are lethally poisoned!
The scorpion poisons you!
It was a potion of magic.
Magic courses through your body.
* * * LOW HITPOINT WARNING * * *
You feel very sick. The scorpion stings you.
You die...

.# .# .####(. #. ....... #####.
..(.... B..... .!....... ......
#........ ... ......####s......#
.... ......#..@.......# ...
....### #..(...##...######...
.....######.≈........#.........
#............#......#.........
#.........._.#.....)#........> .
#.................†.#......... ..
#..........≈................#
...###.................##......+
.......................##..#####.


You could see a scorpion (poisoned).

Vanquished Creatures
  2 dart slugs (D:1)
  A ball python (D:2)
  A bat (D:1)
  An endoplasm (D:2)
  A giant cockroach (D:1)
  2 goblins
  A hobgoblin (D:1)
  2 quokkas
  A kobold (D:3)
  3 rats
15 creatures vanquished.

Notes
Turn   | Place    | Note
-------+----------+-------------------------------------------
     0 | D:1      | PurpleRed the Deep Elf Brigand began the quest for the Orb.
     0 | D:1      | Reached XP level 1. HP: 12/12 MP: 3/3
   175 | D:1      | Reached skill level 5 in Stealth
   175 | D:1      | Reached skill level 1 in Spellcasting
   195 | D:1      | Reached XP level 2. HP: 5/17 MP: 5/5
   207 | D:1      | Found a faded altar of an unknown god.
   356 | D:3      | Found a shimmering altar of Xom.
   385 | D:3      | Noticed a scorpion
   390 | D:3      | Slain by a scorpion

Illustrated notes

Levels and vault maps discovered:
D:1:      ncdulo_lavacross, layout_basic, hellmonk_ecumenical_altar_run_dry,
          st_stairs_7
D:2:      layout_loops_ring, basic_altar, uniq_crazy_yiuf_cottage
D:3:      layout_basic, mainiacjoe_overflow_tiny_flanked,
          mainiacjoe_overflow_paths, uniq_ijyb

Skill      XL: |  1 |
---------------+----+-----
Stealth        | 5 |  5.1
Spellcasting   | 1 |  1.9
Fighting       | |  1.9
Short Blades   | |  2.0
Throwing       | |  2.0
Dodging        | |  1.3

Action                   || total
-------------------------++-------
Melee: Dagger            ||    33
Throw: Dart              ||     7
  Use: Potion            ||     1
 Stab: Sleeping          ||     6
Armor: Robe              ||    10
Dodge: Dodged            ||     8

Table legend: (Time is in decaauts)
 A = Elapsed time spent in this place.
 B = Non-inter-level travel time spent in this place.
 C = Inter-level travel time spent in this place.
 D = Time resting spent in this place.
 E = Time spent auto-exploring this place.
 F = Levels seen in this place.
 G = Mean time per level.
                   A        B        C        D        E       F      G
               +--------+--------+--------+--------+--------+-----+--------+
         Total |    385 |    385 |      0 |      0 |      0 |   3 |  128.3 |
       Dungeon |    385 |    385 |      0 |      0 |      0 |   3 |  128.3 |
               +--------+--------+--------+--------+--------+-----+--------+

Top non-repeatable levels by time:
     D:1: 233 daAuts
     D:2: 94 daAuts
     D:3: 57 daAuts
